 Dungeon Crawl Stone Soup version 0.28.0 (webtiles) character file.

Game seed: 4819649368477323357

23 krispywithak the Ruffian (level 2, -1/23 HPs)
             Began as a Draconian Transmuter on Feb 4, 2022.
             Frozen to death by an endoplasm (2 damage)
             ... on level 2 of the Dungeon.
             The game lasted 00:03:34 (1841 turns).

krispywithak the Ruffian (Draconian Transmuter)     Turns: 1841, Time: 00:03:36

Health: -1/23      AC:  4    Str: 12    XL:     2   Next: 72%
Magic:  4/5        EV:  9    Int: 13    God:
Gold:   14         SH:  0    Dex: 11    Spells: 2/5 levels left

rFire   . . .      SeeInvis .     - Unarmed
rCold   . . .      Faith    .   (no shield)
rNeg    . . .      Spirit   .   (armour unavailable)
rPois   .          Reflect  .   (helmet currently unavailable)
rElec   .          Harm     .   (no cloak)
rCorr   .          Rampage  .   (no gloves)
Will    .....                   (boots currently unavailable)
Stlth   +.........              (no amulet)
HPRegen 0.07/turn               (no ring)
MPRegen 0.09/turn               (no ring)

@: appendages, constricted
A: horns 2, talons 2, AC +4, unfitting armour, cold-blooded
a: End Transformation


You were on level 2 of the Dungeon.
You had temporarily grown beastly horns and talons.
You visited 1 branch of the dungeon, and saw 2 of its levels.

You collected 14 gold pieces.

Inventory:

Scrolls
 c - a scroll of identify
Potions
 a - a potion of ambrosia {unknown}
 b - a potion of heal wounds {unknown}


   Skills:
 + Level 1.2 Fighting
 + Level 2.1 Dodging
 + Level 3.6 Unarmed Combat
 + Level 2.0 Spellcasting
 + Level 2.1 Transmutations


You had 2 spell levels left.
You knew the following spells:

 Your Spells              Type           Power      Damage    Failure   Level
a - Beastly Appendage     Tmut           12%        N/A       11%         1
b - Wereblood             Tmut           6%         N/A       16%         2

Your spell library contained the following spells:

 Spells                   Type           Power      Damage    Failure   Level
 Spider Form              Tmut/Pois      4%         N/A       45%         3
 Ice Form                 Ice/Tmut       4%         N/A       86%         4
 Passage of Golubria      Tloc           1%         N/A       94%         4
 Silence                  Hex/Air        0%         N/A       100%        5
 Lehudib's Crystal Spear  Conj/Erth      0%         10d2      100%        8


Dungeon Overview and Level Annotations

Branches:
Dungeon (2/15)

Altars:


Innate Abilities, Weirdness & Mutations

You have temporarily grown beastly horns and talons.
Your plain brown scales are hard. (AC +4)
You cannot fit into any form of body armour.
You are cold-blooded and may be slowed by cold attacks.


Message History

You kill the kobold!
You miss the adder. Your punch misses the adder. The adder closely misses you.
You miss the adder. The adder misses you. The ball python closely misses you.
The ball python grabs you. The ball python constricts you.
You closely miss the adder. The adder bites you.
You are poisoned.
The adder poisons you! The ball python bites you.
The ball python constricts you. The adder bites you.
You barely miss the adder.
Your tail-slap misses the adder.
You feel sick. The ball python barely misses you.
The ball python constricts you. The adder barely misses you.
You closely miss the adder. Your punch misses the adder.
You feel sick. The adder bites you but does no damage.
The ball python closely misses you. The ball python constricts you.
The endoplasm hits you.
You barely miss the adder.
You feel sick. The adder bites you but does no damage.
The ball python bites you. The ball python constricts you.
The endoplasm freezes you.
You are frozen.
You feel yourself slow down.
You closely miss the adder.
You feel sick. The adder misses you.
The ball python bites you but does no damage.
The ball python constricts you. The endoplasm closely misses you.
The adder bites you.
* * * LOW HITPOINT WARNING * * *
The ball python closely misses you. The ball python constricts you.
* * * LOW HITPOINT WARNING * * *
Sorry, you're not good enough to have a special ability.
Casting: Beastly Appendage (safe; 11% risk of failure)
Confirm with . or Enter, or press ? or * to list all spells.
You grow a pair of large bovine horns.
Your feet morph into talons.
You feel yourself speed up.
* * * LOW HITPOINT WARNING * * *
You feel sick.
You are no longer poisoned.
The adder misses you. The ball python bites you.
* * * LOW HITPOINT WARNING * * *
The ball python constricts you. The endoplasm freezes you.
You are frozen.
You die...

#.# #.... #.# #.###
#.######.###
.############.#..[......
...........##.........##
.......................
(....##.#..######..##
..#.##J.##.#..# #..#
......S@......# #..#
....##S..#......# #..# .
.......#......# #..#
.......##......#
#....#.###......#
#....#. #.......# #...
## #.##...## .... #.#
.#.#


You could see an adder, an endoplasm and a ball python.

Vanquished Creatures
  A dart slug (D:1)
  A bat (D:1)
  3 endoplasms (D:1)
  3 giant cockroaches (D:1)
  A goblin (D:1)
  6 kobolds
  A quokka (D:2)
  A ball python (D:1)
  A rat (D:1)
18 creatures vanquished.

Notes
Turn   | Place    | Note
-------+----------+-------------------------------------------
     0 | D:1      | krispywithak the Draconian Transmuter began the quest for
                  | the Orb.
     0 | D:1      | Reached XP level 1. HP: 16/16 MP: 3/3
   205 | D:1      | Reached XP level 2. HP: 11/23 MP: 5/5
  1771 | D:2      | Learned a level 2 spell: Wereblood
  1841 | D:2      | HP: 1/23 [ball python (1)]
  1841 | D:2      | Frozen to death by an endoplasm

Illustrated notes

Levels and vault maps discovered:
D:1:      matt_arrival_debris, layout_loops_ring
D:2:      layout_basic, grunt_ministairs_6, kennysheep_generic_room_3

Skill      XL: |  1  2 |
---------------+-------+-----
Dodging        | 2 |  2.1
Fighting       | |  1.2
Unarmed Combat | |  3.6
Spellcasting   | |  2.0
Transmutations | |  2.1

Action                   || total
-------------------------++-------
Melee: Unarmed           ||    81
       Tailslap          ||     7
       Punch             ||     1
 Cast: Beastly Appendage ||     1
  Use: Scroll            ||     4
Armor: Skin              ||    47
Dodge: Dodged            ||    75
